[Event "*** Titled Tuesday Blitz"]
[Site "Chess.com"]
[Date "2021.03.30"]
[Round "1"]
[White "nikitakhoroshev"]
[Black "kobemagic"]
[Result "1-0"]
[WhiteElo "2672"]
[BlackElo "2351"]
[TimeControl "180+1"]
[EndTime "10:01:48 PDT"]
[Termination "nikitakhoroshev won by resignation"]

1. d4 Nf6 2. c4 c5 3. d5 b5 4. a4 bxc4 5. Nc3 d6 6. e4 g6 7. Nf3 Bg7 8. Bxc4 O-O 9. O-O Ba6 10.
Bb5 Bxb5 11. axb5 Nbd7 12. Qe2 Nb6 13. Bd2 Nfd7 14. Ra6 Qc7 15. Rfa1 Ne5 16. Ne1 Ned7 17. Nc2 Nf6 18. Kh1 1-0

[Event "*** Titled Tuesday Blitz"]
[Site "Chess.com"]
[Date "2021.03.30"]
[Round "1"]
[White "KarateBaby"]
[Black "chigorin28"]
[Result "0-1"]
[WhiteElo "2304"]
[BlackElo "2603"]
[TimeControl "180+1"]
[EndTime "10:01:55 PDT"]
[Termination "chigorin28 won by resignation"]

1. Nf3 b6 2. c4 Bb7 3. Nc3 Nf6 4.
g3 e6 5. Bg2 d5 6. e3 dxc4 7.
O-O a6 8. b3 cxb3 9. Qxb3 Be7 10. d4 O-O 11. a4 Nc6 12. Ne5 Na5 13. Bxb7 Nxb3 0-1

[Event "*** Titled Tuesday Blitz"]
[Site "Chess.com"]
[Date "2021.03.30"]
[Round "1"]
[White "Smirnov_Pavel"]
[Black "jerry_77"]
[Result "1-0"]
[WhiteElo "2884"]
[BlackElo "2456"]
[TimeControl "180+1"]
[EndTime "10:02:25 PDT"]
[Termination "Smirnov_Pavel won by resignation"]

1. d4 Nf6 2. c4 e6 3. Nf3 d5 4.
Nc3 Bb4 5. Bg5 h6 6. Bxf6 Qxf6 7. e3 O-O 8. Rc1 c6 9. Bd3 Nd7 10. O-O Re8 11. e4 Bxc3 12. Rxc3 dxe4 13. Bxe4 e5 14.
d5 Nc5 15. Nd2 Nxe4 16. Nxe4 Qg6 17. Re1 f5 18. Rg3 Qf7 19. Nd6 Qf8 20. Nxe8 Qxe8 21.
dxc6 bxc6 22. Qd6 e4 23. Qxh6 1-0

[Event "*** Titled Tuesday Blitz"]
[Site "Chess.com"]
[Date "2021.03.30"]
[Round "1"]
[White "Eliwood44"]
[Black "chess960now"]
[Result "1-0"]
[WhiteElo "2514"]
[BlackElo "2171"]
[TimeControl "180+1"]
[EndTime "10:02:27 PDT"]
[Termination "Eliwood44 won by resignation"]

1. d4 d6 2. Nf3 Nd7 3. e4 e5 4. Nc3 Ngf6 5. Bc4 Be7 6. O-O O-O 7. Re1 c6 8. a4 Qc7 9. h3 b6 10. Ba2 Bb7 11. Nh4 Rfd8 12. Nf5 Bf8 13. Be3 a6 14. Qf3 exd4 15. Bxd4 Ne5 16. Bxe5 dxe5 17. Nh6+ Kh8 18. Nxf7+ 1-0

[Event "*** Titled Tuesday Blitz"]
[Site "Chess.com"]
[Date "2021.03.30"]
[Round "1"]
[White "vinniethepooh"]
[Black "MateusViageiro"]
[Result "1-0"]
[WhiteElo "2646"]
[BlackElo "2345"]
[TimeControl "180+1"]
[EndTime "10:02:29 PDT"]
[Termination "vinniethepooh won by checkmate"]

1. d4 Nf6 2. c4 g6 3. Nc3 Bg7 4. e4 d6 5. Be2 O-O 6. Be3 e5 7. d5 c6 8. g4 cxd5 9. cxd5 a6 10. h4 Qa5 11. f3 Nfd7 12. h5 gxh5 13. Rxh5 Nf6 14.
Rh1 Bxg4 15. fxg4 Nxe4 16. Qc2 Nxc3 17. Qxh7# 1-0

[Event "*** Titled Tuesday Blitz"]
[Site "Chess.com"]
[Date "2021.03.30"]
[Round "1"]
[White "ChristopherYoo"]
[Black "chenrip"]
[Result "1-0"]
[WhiteElo "2928"]
[BlackElo "2465"]
[TimeControl "180+1"]
[EndTime "10:03:03 PDT"]
[Termination "ChristopherYoo won by checkmate"]

1. e4 e6 2. b3 d5 3. Bb2 b6 4. exd5 Qxd5 5. Nc3 Qa5 6. Nf3 Bb7 7. Nb5 Na6 8. Bc3 Bb4 9. Bxg7 O-O-O 10. c3 Be7 11. Bxh8 f6 12. Bc4 e5 13. O-O c5 14. Nh4 Nh6 15. Bg7 Ng8 16. Nf5 Bc6 17. Bxg8 Bxb5 18. Nxe7+ Kd7 19. Qg4+ Kxe7 20. Qe6# 1-0

[Event "*** Titled Tuesday Blitz"]
[Site "Chess.com"]
[Date "2021.03.30"]
[Round "1"]
[White "Ermito2020"]
[Black "Nachsueb"]
[Result "1-0"]
[WhiteElo "2516"]
[BlackElo "2173"]
[TimeControl "180+1"]
[EndTime "10:03:17 PDT"]
[Termination "Ermito2020 won by resignation"]

1. e4 c5 2. Nf3 e6 3. d4 cxd4 4.
Nxd4 Nc6 5. Nc3 Qc7 6. Be3 a6 7. Qf3 d6 8. O-O-O Bd7 9. Qg3 Nf6 10. f4 b5 11. Bxb5 axb5 12. Ndxb5 Qb8 13. Nxd6+ Bxd6 14. Qxg7 Ke7 15. e5 Nxe5 16. fxe5 Bxe5 17. Bc5+ Kd8 18. Qxh8+ Kc7 19. Qxb8+ Rxb8 20. Rhf1 Rg8 21. g3 Bc6 22. Bd4 1-0

[Event "*** Titled Tuesday Blitz"]
[Site "Chess.com"]
[Date "2021.03.30"]
[Round "1"]
[White "karwowskikacper"]
[Black "Alexsur1981"]
[Result "0-1"]
[WhiteElo "2443"]
[BlackElo "2858"]
[TimeControl "180+1"]
[EndTime "10:03:23 PDT"]
[Termination "Alexsur1981 won by resignation"]

1. e4 c5 2. Nf3 e6 3. c3 Nc6 4. d4 d5 5. exd5 exd5 6. Bb5 Bd6 7. dxc5 Bxc5 8. O-O Ne7 9. Nbd2 O-O 10. Nb3 Bb6 11.
Bf4 Bg4 12. h3 Bh5 13. Qd3 a6 14. Bxc6 bxc6 15. Rfe1 c5 16. Qe2 Nc6 17. g4 Bg6 18. Rad1 d4 19. Nh4 Qxh4 0-1

[Event "*** Titled Tuesday Blitz"]
[Site "Chess.com"]
[Date "2021.03.30"]
[Round "1"]
[White "kikydu96"]
[Black "lukazz029"]
[Result "0-1"]
[WhiteElo "2495"]
[BlackElo "2164"]
[TimeControl "180+1"]
[EndTime "10:03:33 PDT"]
[Termination "lukazz029 won by resignation"]

1. e4 c5 2. Nf3 d6 3. d4 cxd4 4.
Nxd4 Nf6 5. Nc3 a6 6. a3 e6 7. g4 Qc7 8. g5 Nfd7 9. h4 Nc6 10.
Be3 Be7 11. Be2 Rb8 12. Qd2 b5 13. O-O-O Nce5 14. f4 Nc4 15. Bxc4 bxc4 16. h5 Qb7 17. Na4 Nc5 18. Qa5 Bd8 19. Nxc5 Qxb2+ 0-1

[Event "*** Titled Tuesday Blitz"]
[Site "Chess.com"]
[Date "2021.03.30"]
[Round "1"]
[White "Grineva_Marianna"]
[Black "Brave_spirit12"]
[Result "0-1"]
[WhiteElo "2271"]
[BlackElo "2570"]
[TimeControl "180+1"]
[EndTime "10:03:35 PDT"]
[Termination "Brave_spirit12 won by resignation"]

1. e4 e6 2. d4 d5 3. Nd2 c5 4. Ngf3 Nc6 5. exd5 exd5 6. Bb5 Bd6 7. O-O Ne7 8. dxc5 Bxc5 9. Nb3 Bd6 10. c3 O-O 11.
Re1 Bg4 12. h3 Bh5 13. Nbd4 Nxd4 14. cxd4 Nc6 15. Be3 Qb6 16. Bd3 Rae8 17. g4 Bg6 18.
Ne5 Bxe5 19. dxe5 d4 20. Bf4 Qxb2 21. Rb1 Qc3 22. Rb3 Qa5 23. Rb6 axb6 0-1

[Event "*** Titled Tuesday Blitz"]
[Site "Chess.com"]
[Date "2021.03.30"]
[Round "1"]
[White "petincash"]
[Black "Pelopidass"]
[Result "1-0"]
[WhiteElo "2315"]
[BlackElo "2564"]
[TimeControl "180+1"]
[EndTime "10:03:44 PDT"]
[Termination "petincash won by resignation"]

1. e4 c5 2. Nf3 d6 3. Nc3 Nf6 4.
d4 cxd4 5. Nxd4 a6 6. g3 e5 7.
Nde2 Be7 8. Bg2 O-O 9. O-O b5 10. a4 b4 11. Nd5 Nxd5 12. Qxd5 Ra7 13. Be3 Be6 14. Qd2 Rb7 15. a5 Nd7 16. f4 Qc7 17. b3 Rc8 18. f5 Qxc2 19. fxe6 Qxd2 20. Bxd2 fxe6 21. Bh3 Nc5 22. Rac1 Rd8 23. Be3 Nxb3 24. Bxe6+ Kh8 25. Bxb3 1-0

[Event "*** Titled Tuesday Blitz"]
[Site "Chess.com"]
[Date "2021.03.30"]
[Round "1"]
[White "Evgeny81"]
[Black "McCarthyStone"]
[Result "1-0"]
[WhiteElo "2771"]
[BlackElo "2411"]
[TimeControl "180+1"]
[EndTime "10:03:49 PDT"]
[Termination "Evgeny81 won by resignation"]

1. e4 d6 2. d4 Nf6 3. Nc3 Nc6 4. Nf3 Bg4 5. Be2 e5 6. d5 Ne7 7. Be3 Ng6 8. Nd2 Bd7 9. h4 h5 10. Bg5 Be7 11. Nf3 c6 12. Qd2 cxd5 13. Bxf6 Bxf6 14. Nxd5 Bc6 15. g3 Rc8 16. O-O-O Bxd5 17. Qxd5 Be7 18. Bb5+ Kf8 19. Bc4 Qe8 20. Bb3 b6 21. Ng5 Rc5 22. Qxf7+ Qxf7 23. Nxf7 Rh7 24. Nxd6 Bxd6 25. Rxd6 Ke7 26.
Rxg6 1-0

[Event "*** Titled Tuesday Blitz"]
[Site "Chess.com"]
[Date "2021.03.30"]
[Round "1"]
[White "kingofthenil"]
[Black "AsaHoffmann"]
[Result "1-0"]
[WhiteElo "2762"]
[BlackElo "2408"]
[TimeControl "180+1"]
[EndTime "10:03:51 PDT"]
[Termination "kingofthenil won by resignation"]

1. e4 d6 2. d4 Nf6 3. Bd3 e5 4.
c3 Nc6 5. Nf3 Bg4 6. d5 Ne7 7. c4 Ng6 8. h3 Bxf3 9. Qxf3 Be7 10. g3 Nd7 11. Nc3 a5 12. h4 h6 13. Be3 b6 14. a3 Nc5 15. Bc2 Bf6 16. Ke2 O-O 17. Qg4 Qc8 18. Qxc8 Rfxc8 19. b4 Nd7 20. Ba4 Ngf8 21.
Bc6 Rab8 22. Rab1 Be7 23. bxa5 bxa5 24. Ba7 Ra8 25. Bxa8 Rxa8 26. Be3 Kh7 27. Rb7 Bd8 28. Nb5 Nb6 29. Bxb6 cxb6 30. Nxd6 1-0

[Event "*** Titled Tuesday Blitz"]
[Site "Chess.com"]
[Date "2021.03.30"]
[Round "1"]
[White "TorFredrikKaasen"]
[Black "muchojogo"]
[Result "1-0"]
[WhiteElo "2734"]
[BlackElo "2398"]
[TimeControl "180+1"]
[EndTime "10:03:51 PDT"]
[Termination "TorFredrikKaasen won by resignation"]

1. Nf3 Nf6 2. g3 g6 3. Bg2 Bg7 4. O-O O-O 5. c4 c5 6. d4 d6 7. Nc3 Nc6 8. d5 Na5 9. Nd2 a6 10.
Rb1 Rb8 11. b3 b5 12. Qc2 Bd7 13. Bb2 e5 14. dxe6 Bxe6 15. cxb5 axb5 16. Rfd1 Qc7 17. Nde4 Bf5 18. Nxf6+ Bxf6 19. e4 Be6 20. Nd5 Bxd5 21. Bxf6 1-0

[Event "*** Titled Tuesday Blitz"]
[Site "Chess.com"]
[Date "2021.03.30"]
[Round "1"]
[White "Romadk"]
[Black "KrolPawel92OnTwitch"]
[Result "0-1"]
[WhiteElo "2318"]
[BlackElo "2617"]
[TimeControl "180+1"]
[EndTime "10:03:58 PDT"]
[Termination "KrolPawel92OnTwitch won by resignation"]

1. d4 Nf6 2. Nf3 b6 3. g3 Bb7 4. Bg2 e6 5. O-O Be7 6. c4 O-O 7. Nc3 d5 8. cxd5 exd5 9. Qc2 Nc6 10. Rd1 Re8 11. Bf4 Rc8 12. a3 Na5 13. Rac1 Bf8 14. Qf5 g6 15. Qd3 Nc4 16. Ne5 Nxb2 17. Qf3 Nxd1 18. Bg5 Bg7 19. Ng4 Nxc3 20. Nxf6+ Bxf6 21.
Bxf6 Nxe2+ 22. Kh1 Qxf6 23. Qxf6 Nxc1 24. h3 Re6 25. Qf4 Ne2 26. Qd2 c5 27. dxc5 bxc5 28. Bxd5 Rd8 0-1

[Event "*** Titled Tuesday Blitz"]
[Site "Chess.com"]
[Date "2021.03.30"]
[Round "1"]
[White "aa175"]
[Black "zurzan"]
[Result "1-0"]
[WhiteElo "2485"]
[BlackElo "1954"]
[TimeControl "180+1"]
[EndTime "10:04:01 PDT"]
[Termination "aa175 won by resignation"]

1. d4 d6 2. Nf3 Nf6 3. Bf4 g6 4. e3 Bg7 5. Be2 c5 6. O-O cxd4 7. exd4 O-O 8. Nbd2 b6 9. c3 Bb7 10. a4 Nbd7 11.
Nc4 Rc8 12. Ne3 Nh5 13. Bg5 h6 14. Bh4 Nf4 15. Nd2 Nxe2+ 16. Qxe2 Nf6 17. f4 e6 18. a5 bxa5 19. Qb5 Qc7 20. Qxa5 Qc6 21. Bxf6 Qxg2+ 22. Nxg2 Bxf6 23. Qxa7 1-0

[Event "*** Titled Tuesday Blitz"]
[Site "Chess.com"]
[Date "2021.03.30"]
[Round "1"]
[White "dosto07"]
[Black "Aleksey_Sorokin"]
[Result "0-1"]
[WhiteElo "2408"]
[BlackElo "2756"]
[TimeControl "180+1"]
[EndTime "10:04:07 PDT"]
[Termination "Aleksey_Sorokin won by resignation"]

1. e4 c6 2. d4 d5 3. Nc3 dxe4 4. Nxe4 Bf5 5. Ng3 Nf6 6. Nxf5 Qa5+ 7. c3 Qxf5 8. Bd3 Qg4 9. Qxg4 Nxg4 10. Nf3 Nd7 11.
Bf4 e6 12. O-O Nb6 13. h3 Nf6 14. Ne5 Rd8 15. Rad1 Bd6 16. Rfe1 O-O 17. Bh2 Rfe8 18. g4 Nfd7 19. Kg2 Nxe5 20. Bxe5 Bxe5 21. dxe5 Rd5 22. Be4 Ra5 23. a3 g5 24. Rd4 Kg7 25. Kg3 Rxe5 26.
f4 gxf4+ 27. Kxf4 f6 28. Red1 Re7 29. a4 Ra5 30. b3 e5+ 0-1

[Event "*** Titled Tuesday Blitz"]
[Site "Chess.com"]
[Date "2021.03.30"]
[Round "1"]
[White "jacky72"]
[Black "steka121"]
[Result "1-0"]
[WhiteElo "2694"]
[BlackElo "2377"]
[TimeControl "180+1"]
[EndTime "10:04:08 PDT"]
[Termination "jacky72 won by resignation"]

1. d4 d5 2. c4 e6 3. Nc3 Be7 4. Bf4 Nf6 5. e3 O-O 6. cxd5 exd5 7. Bd3 Nc6 8. Nf3 Nh5 9. Be5 g6 10. h3 Nxe5 11. Nxe5 c5 12. O-O c4 13. Be2 Nf6 14.
Bf3 Be6 15. b3 Qa5 16. Ne2 Rac8 17. bxc4 dxc4 18. Bxb7 Rc7 19. Nc6 Rxc6 20. Bxc6 Rc8 21. Bf3 c3 22. Nf4 Bc4 23. Be2 Ne4 24. Bxc4 Rxc4 25.
Qd3 Nd2 26. Rfc1 Ba3 27. Rc2 Bb2 28. Rd1 Qxa2 29. d5 g5 30. d6 1-0

[Event "*** Titled Tuesday Blitz"]
[Site "Chess.com"]
[Date "2021.03.30"]
[Round "1"]
[White "Susik_Gaboyan"]
[Black "1random"]
[Result "0-1"]
[WhiteElo "2256"]
[BlackElo "2557"]
[TimeControl "180+1"]
[EndTime "10:04:09 PDT"]
[Termination "1random won by resignation"]

1. e4 f5 2. exf5 Nf6 3. Nc3 d5 4. d4 Bxf5 5. Bd3 e6 6. Bxf5 exf5 7.
Nf3 Bd6 8. O-O O-O 9. Bg5 c6 10. Ne5 Nbd7 11. Re1 Qc7 12. Nf3 Ne4 13. Bh4 h6 14. Qc1 g5 15. Nxg5 Bxh2+ 16. Kf1 Bf4 0-1

[Event "*** Titled Tuesday Blitz"]
[Site "Chess.com"]
[Date "2021.03.30"]
[Round "1"]
[White "Maddie"]
[Black "anon481216"]
[Result "0-1"]
[WhiteElo "2061"]
[BlackElo "2499"]
[TimeControl "180+1"]
[EndTime "10:04:23 PDT"]
[Termination "anon481216 won by resignation"]

1. d4 d5 2. e3 Nf6 3. Bd3 Bg4 4. Nf3 c6 5. O-O Nbd7 6. Nbd2 e6 7. Qe1 Bd6 8. c3 O-O 9. e4 dxe4 10. Nxe4 Nxe4 11. Bxe4 Re8 12. h3 Bh5 13. Bc2 e5 14. dxe5 Bxf3 15. gxf3 Nxe5 16. Qe4 Ng6 17. Qg4 Qf6 18. Bg5 Qe5 19.
Qg2 Nf4 20. Bxf4 Qxf4 21. Rad1 g6 22. Rd4 Qf6 23. Rfd1 Bc5 24. Rd7 Re2 25. R7d2 Bxf2+ 26. Qxf2 Rxf2 27. Kxf2 Re8 28. Bb3 Qh4+ 29. Kg2 Re5 30. Rd8+ Kg7 31. R1d2 Rg5+ 32. Kh2 Qg3+ 0-1

[Event "*** Titled Tuesday Blitz"]
[Site "Chess.com"]
[Date "2021.03.30"]
[Round "1"]
[White "GelmanAlexander"]
[Black "Triumphmate"]
[Result "1-0"]
[WhiteElo "2644"]
[BlackElo "2343"]
[TimeControl "180+1"]
[EndTime "10:04:29 PDT"]
[Termination "GelmanAlexander won by resignation"]

1. d4 d5 2. Nc3 f5 3. Bf4 e6 4. Nb5 Na6 5. e3 c6 6. Nc3 Bd6 7. Nf3 Nf6 8. Bd3 O-O 9. O-O Nb4 10. Be2 Ne4 11. Nxe4 fxe4 12. Ne5 c5 13. c4 Nc6 14.
Bg3 Qc7 15. cxd5 Nxe5 16. dxe5 Bxe5 17. d6 1-0

[Event "*** Titled Tuesday Blitz"]
[Site "Chess.com"]
[Date "2021.03.30"]
[Round "1"]
[White "ARMQUEEN"]
[Black "enriquetejedor"]
[Result "0-1"]
[WhiteElo "2306"]
[BlackElo "2609"]
[TimeControl "180+1"]
[EndTime "10:04:30 PDT"]
[Termination "enriquetejedor won by resignation"]

1. e4 c5 2. Nc3 Nc6 3. Bb5 Na5 4. d4 a6 5. Be2 cxd4 6. Qxd4 Nc6 7. Qd1 g6 8. Nf3 Bg7 9. O-O d6 10. Bc4 Nf6 11.
a4 O-O 12. Bg5 Bg4 13. h3 Bxf3 14. Qxf3 Rc8 15. Ba2 Nd7 16. Rad1 Nd4 17. Qd3 Ne5 18. Qg3 Rxc3 19. Be3 Ne2+ 0-1

[Event "*** Titled Tuesday Blitz"]
[Site "Chess.com"]
[Date "2021.03.30"]
[Round "1"]
[White "Pantata007"]
[Black "SGchess01"]
[Result "0-1"]
[WhiteElo "2399"]
[BlackElo "2741"]
[TimeControl "180+1"]
[EndTime "10:04:33 PDT"]
[Termination "SGchess01 won on time"]

1. d4 Nf6 2. c4 e6 3. Nc3 Bb4 4. e3 O-O 5. Ne2 d5 6. a3 Bd6 7. Ng3 b6 8. cxd5 exd5 9. Bd3 Re8 10. O-O c5 11. dxc5 bxc5 12. Bb5 Re5 13. f4 Re7 14. Nxd5 Nxd5 15. Qxd5 Bb7 16. Qd3 Qb6 17. Nf5 Re6 18.
Nxd6 Rxd6 19. Qe2 Be4 20. Bc4 Nc6 21. Bd2 Qxb2 22. Rad1 Rad8 23. Bc1 Qc3 24. Rxd6 Rxd6 0-1

[Event "*** Titled Tuesday Blitz"]
[Site "Chess.com"]
[Date "2021.03.30"]
[Round "1"]
[White "BozeKat"]
[Black "ural58"]
[Result "0-1"]
[WhiteElo "2036"]
[BlackElo "2496"]
[TimeControl "180+1"]
[EndTime "10:04:41 PDT"]
[Termination "ural58 won by resignation"]

1. Nf3 d5 2. c4 dxc4 3. e3 Nc6 4. Bxc4 e5 5. Qb3 Qd7 6. Be2 e4 7. Ng5 Qe7 8. Nxf7 Qxf7 9. Bc4 Qg6 10. Bxg8 Bd7 11.
Bd5 Qxg2 12. Bf7+ Kd8 13. Rf1 Bh3 14. Qd5+ Bd6 15. Qc4 Ne5 16. Qe2 Nd3+ 0-1

[Event "*** Titled Tuesday Blitz"]
[Site "Chess.com"]
[Date "2021.03.30"]
[Round "1"]
[White "AttilaTurzo"]
[Black "canary2016"]
[Result "1-0"]
[WhiteElo "2492"]
[BlackElo "2013"]
[TimeControl "180+1"]
[EndTime "10:04:42 PDT"]
[Termination "AttilaTurzo won by resignation"]

1. d4 d5 2. Bf4 Nf6 3. e3 e6 4.
Nf3 Bd6 5. Bg3 c5 6. c3 Qc7 7.
dxc5 Qxc5 8. Nbd2 O-O 9. Bd3 Bd7 10. e4 dxe4 11. Nxe4 Nxe4 12. Bxe4 Bxg3 13. hxg3 h6 14.
Bxb7 Nc6 15. Bxa8 Rxa8 16. Qxd7 Rd8 17. Qc7 Qd5 18. O-O Rd7 19. Qc8+ Rd8 20. Qa6 Qc5 21. Rad1 Rb8 22. b4 Qxc3 23. Rc1 Nxb4 24. Qxa7 Nc6 25. Qxb8+ Nxb8 26. Rxc3 Na6 27. Rb1 e5 28.
Nxe5 f6 29. Nf3 Kf7 30. Rb6 1-0

[Event "*** Titled Tuesday Blitz"]
[Site "Chess.com"]
[Date "2021.03.30"]
[Round "1"]
[White "Gudmundur_Kjartansson"]
[Black "LEGENYA1998"]
[Result "1-0"]
[WhiteElo "2567"]
[BlackElo "2261"]
[TimeControl "180+1"]
[EndTime "10:04:43 PDT"]
[Termination "Gudmundur_Kjartansson won by resignation"]

1. c4 e6 2. Nc3 c5 3. Nf3 b6 4. d4 cxd4 5. Nxd4 a6 6. e4 Bb7 7. Be2 Nc6 8. Be3 Nf6 9. Nxc6 Bxc6 10. e5 Ne4 11. Nxe4 Bxe4 12. O-O Bc6 13. Bf3 Qc7 14. Bxc6 Qxc6 15. Qg4 g6 16. Rfd1 Bg7 17. Rd6 Qc8 18. Qe4 b5 19. c5 O-O 20. Rad1 f5 21.
exf6 Bxf6 22. Rxd7 Bxb2 23. Qxe6+ Kh8 24. Qe7 1-0

[Event "*** Titled Tuesday Blitz"]
[Site "Chess.com"]
[Date "2021.03.30"]
[Round "1"]
[White "MoonlighT89"]
[Black "Kostukov_Alex"]
[Result "1-0"]
[WhiteElo "2609"]
[BlackElo "2306"]
[TimeControl "180+1"]
[EndTime "10:04:44 PDT"]
[Termination "MoonlighT89 won by resignation"]

1. e4 c5 2. Nf3 g6 3. d4 cxd4 4. Qxd4 Nf6 5. Nc3 Nc6 6. Qa4 d6 7. e5 dxe5 8. Nxe5 Bg7 9. Nxc6 bxc6 10. Qxc6+ Bd7 11. Qf3 O-O 12. Bd3 Bg4 13. Qg3 Qb6 14.
O-O Rac8 15. h3 Be6 16. Qe3 Qb4 17. a3 Qb8 18. Bd2 Qxb2 19. Rfb1 Qxc3 20. Bxc3 Rxc3 21.
Qxa7 Nd5 22. Rb8 Bf6 23. Rxf8+ Kxf8 24. Rb1 Nf4 25. Qb8+ 1-0

[Event "*** Titled Tuesday Blitz"]
[Site "Chess.com"]
[Date "2021.03.30"]
[Round "1"]
[White "GMaka"]
[Black "OparinGrigoriy"]
[Result "0-1"]
[WhiteElo "2471"]
[BlackElo "2992"]
[TimeControl "180+1"]
[EndTime "10:04:49 PDT"]
[Termination "OparinGrigoriy won by resignation"]

1. d4 Nf6 2. Bg5 c5 3. Bxf6 gxf6 4. d5 f5 5. e3 Qb6 6. Qc1 Bg7 7. c3 e6 8. Bc4 Na6 9. Ne2 Nc7 10. Nf4 Be5 11.
O-O Bxf4 12. exf4 exd5 13. Re1+ Kf8 14. Bd3 Qf6 15. Qe3 d6 16. Nd2 Be6 17. Nf3 h6 18. a4 Rg8 19. g3 Re8 20. Qd2 Kg7 21.
Re2 Re7 22. Rae1 Rge8 23. Nh4 Kh8 24. Qc2 c4 25. Bxf5 Bxf5 26. Qxf5 Qxf5 27. Rxe7 Rxe7 28. Rxe7 Qb1+ 29. Kg2 d4 30. cxd4 Nd5 31. Rxf7 Qe4+ 32.
Kh3 0-1

[Event "*** Titled Tuesday Blitz"]
[Site "Chess.com"]
[Date "2021.03.30"]
[Round "1"]
[White "Cambek64"]
[Black "exoticprincess"]
[Result "0-1"]
[WhiteElo "2442"]
[BlackElo "2851"]
[TimeControl "180+1"]
[EndTime "10:04:49 PDT"]
[Termination "exoticprincess won by resignation"]

1. d4 Nf6 2. c3 b6 3. Bf4 Bb7 4.
e3 d6 5. Nf3 Nbd7 6. h3 e6 7.
Bh2 Be7 8. Nbd2 O-O 9. Bd3 Re8 10.
O-O Bf8 11. Qe2 e5 12. dxe5 dxe5 13. e4 Nh5 14. Rad1 Nf4 15. Bxf4 exf4 16. Rfe1 Qc8 17. Nc4 Nc5 18. b4 Nxe4 19. Nce5 Nd6 20. Bxh7+ Kxh7 21. Ng5+ Kg8 22. Qh5 Qf5 23. Rxd6 Bxd6 24. Nexf7 Rxe1+ 25. Kh2 f3+ 26. g3 Bxg3+ 27. Kxg3 Rg1+ 28. Kh2 Rg2+ 0-1

[Event "*** Titled Tuesday Blitz"]
[Site "Chess.com"]
[Date "2021.03.30"]
[Round "1"]
[White "RobPeresian"]
[Black "anon6121824"]
[Result "0-1"]
[WhiteElo "2425"]
[BlackElo "2805"]
[TimeControl "180+1"]
[EndTime "10:04:50 PDT"]
[Termination "anon6121824 won by resignation"]

1. Nf3 Nf6 2. c4 c5 3. Nc3 Nc6 4. g3 g6 5. Bg2 Bg7 6. O-O O-O 7. d4 cxd4 8. Nxd4 d6 9. b3 Nxd4 10. Qxd4 Be6 11. Bb2 Qd7 12. Rfd1 Rfc8 13. Rac1 Bh3 14. Bh1 Ne8 15. Qd2 Rab8 16. Nd5 e5 17. a4 Rd8 18.
Nc3 Be6 19. Ne4 h6 20. Nc3 Rbc8 21. Ba3 Kh7 22. Qe3 b6 23. Rd3 f5 24. Rcd1 Qe7 25.
h4 f4 26. Nd5 Bxd5 0-1

[Event "*** Titled Tuesday Blitz"]
[Site "Chess.com"]
[Date "2021.03.30"]
[Round "1"]
[White "comsac"]
[Black "KaterynaLagno"]
[Result "0-1"]
[WhiteElo "2375"]
[BlackElo "2691"]
[TimeControl "180+1"]
[EndTime "10:04:50 PDT"]
[Termination "KaterynaLagno won by resignation"]

1. e4 e5 2. Nf3 Nc6 3. Bc4 Bc5 4. c3 Nf6 5. d4 exd4 6. cxd4 Bb4+ 7. Bd2 Bxd2+ 8. Nbxd2 d5 9. exd5 Nxd5 10. Qb3 Na5 11.
Qa4+ Nc6 12. Qb3 Nce7 13. O-O O-O 14. Rfe1 c6 15. a4 a5 16. Ne4 Qb6 17. Nc5 Qxb3 18.
Bxb3 b6 19. Ne4 Bd7 20. Ne5 Rfd8 21. Rac1 Be8 22. Nc3 Nb4 23. Rcd1 Kf8 24. Re3 Nf5 25.
Re4 f6 26. Nf3 Bg6 27. Nh4 Nxh4 28. Rxh4 Rd7 29. f3 Rad8 30. Kf2 h6 31. Rf4 Nd3+ 0-1

[Event "*** Titled Tuesday Blitz"]
[Site "Chess.com"]
[Date "2021.03.30"]
[Round "1"]
[White "LawrenceTrent"]
[Black "svilson23"]
[Result "1-0"]
[WhiteElo "2559"]
[BlackElo "2258"]
[TimeControl "180+1"]
[EndTime "10:04:51 PDT"]
[Termination "LawrenceTrent won by resignation"]

1. d4 d5 2. Bf4 c6 3. Nc3 e6 4. e4 dxe4 5. Nxe4 Nf6 6. Qd3 Nxe4 7. Qxe4 Qd5 8. Qe3 Be7 9. Nf3 O-O 10. Bd3 h6 11. h4 c5 12. dxc5 Bxc5 13. Qe2 Nc6 14. c3 e5 15. Be4 Qe6 16. Bg3 Re8 17. O-O-O Qxa2 18. Bb1 Qc4 19. Qxc4 1-0

[Event "*** Titled Tuesday Blitz"]
[Site "Chess.com"]
[Date "2021.03.30"]
[Round "1"]
[White "ChessFunMaker"]
[Black "Terao90"]
[Result "0-1"]
[WhiteElo "2235"]
[BlackElo "2548"]
[TimeControl "180+1"]
[EndTime "10:04:52 PDT"]
[Termination "Terao90 won by resignation"]

1. c4 Nf6 2. g3 g6 3. Bg2 Bg7 4. Nc3 O-O 5. e4 c5 6. Nge2 Nc6 7. O-O Ne8 8. d3 Nc7 9. f4 Ne6 10. f5 Ned4 11. Be3 d6 12. Qd2 Re8 13. Bh6 Bh8 14.
Nf4 Rb8 15. fxg6 hxg6 16. Nxg6 fxg6 17. Qg5 Ne5 18. Nd5 Be6 19. Nxe7+ Qxe7 20. Rf8+ Qxf8 21. Bxf8 Nef3+ 22. Bxf3 Nxf3+ 23. Kg2 Nxg5 24. Bxd6 Rbc8 25. h4 Nf7 26. Bf4 Ne5 27. Rd1 Nc6 28. Bd6 Nd4 29.
b3 b6 30. Rf1 Bg7 0-1

[Event "*** Titled Tuesday Blitz"]
[Site "Chess.com"]
[Date "2021.03.30"]
[Round "1"]
[White "UCantHandleDenker"]
[Black "kubal123"]
[Result "1-0"]
[WhiteElo "2545"]
[BlackElo "2232"]
[TimeControl "180+1"]
[EndTime "10:04:52 PDT"]
[Termination "UCantHandleDenker won by resignation"]

1. Nf3 Nc6 2. g3 b6 3. d3 d5 4. Bg2 e6 5. O-O Nf6 6. c4 d4 7. Ne5 Bb7 8. Nxc6 Bxc6 9. Bxc6+ Ke7 10. b3 Rc8 11. Ba3+ Qd6 12. Bxd6+ Kxd6 13. Bg2 Ke7 14. Nd2 Rd8 15. b4 c6 16. Qa4 Kd7 17. Qxa7+ Ke8 18.
Bxc6+ Rd7 19. c5 Be7 20. cxb6 Bxb4 21. Bxd7+ Nxd7 22. Qa8+ 1-0

[Event "*** Titled Tuesday Blitz"]
[Site "Chess.com"]
[Date "2021.03.30"]
[Round "1"]
[White "Sueetin"]
[Black "slavenok"]
[Result "1-0"]
[WhiteElo "2423"]
[BlackElo "2737"]
[TimeControl "180+1"]
[EndTime "10:04:54 PDT"]
[Termination "Sueetin won by resignation"]

1. d4 d5 2. c4 e6 3. Nc3 Nf6 4.
cxd5 Nxd5 5. e4 Nxc3 6. bxc3 c5 7.
Nf3 cxd4 8. cxd4 Bb4+ 9. Bd2 Bxd2+ 10. Qxd2 O-O 11. Bc4 b6 12. O-O Ba6 13. Bxa6 Nxa6 14. a4 Qe7 15. Ne5 Qb7 16. f3 Rfd8 17. Rfd1 f6 18.
Ng4 Rac8 19. Qa2 Qe7 20. Ne3 Nb4 21. Qb3 a5 22. Nc4 Qa7 23. Na3 Qc7 24. Nb5 Qc2 25. Qxe6+ Kh8 26. Rac1 Qxc1 27. Rxc1 Rxc1+ 28. Kf2 Nd3+ 29. Kg3 Ne1 30. Nd6 Rc7 31. Nf7+ Rxf7 32. Qxf7 h6 33. d5 Nd3 34. Qe7 Rc8 35. d6 1-0